[Event "Late-Titled-Tuesday-Blitz-June-25-2024"]
[Site "Chess.com"]
[Date "2024.06.25"]
[Round "2"]
[White "purpurice"]
[Black "TreinadorBR"]
[Result "1-0"]
[WhiteElo "2675"]
[BlackElo "2273"]
[TimeControl "180+1"]
[EndTime "14:17:58 PDT"]
[Termination "purpurice won by resignation"]

1. d4 d5 2. Nc3 Nf6 3. Bf4 e6 4. e3 Be7 5. Nb5 Na6 6. Nf3 O-O 7. c4 c6 8. Nc3 c5 9. cxd5 cxd4 10. Qxd4 Nb4 11.
Qd2 Nbxd5 12. Be5 Qb6 13. Bc4 Rd8 14. Bd4 Bc5 15. Na4 Bb4 16. Nxb6 Bxd2+ 17. Nxd2 Nxb6 18. Bb3 Bd7 19. O-O Bb5 20. Rfd1 Nbd5 21. Rac1 a6 22. Nf3 Be2 23. Re1 Bxf3 24. gxf3 Rac8 25. Kf1 Nb4 26. Ke2 Nc6 27. Bb6 Rd7 28. Red1 Kf8 29. Ba4 Ke8 30. a3 Nd5 31. Bd4 Nxd4+ 32. exd4 Rxc1 33.
Bxd7+ Kxd7 34. Rxc1 Nf4+ 35. Ke3 Nd5+ 36. Kd2 g6 37.
Rg1 h5 38. Rc1 Nf4 39. Ke3 g5 40. h4 Ng2+ 41. Ke4 Nxh4 42. Rg1 f5+ 43. Ke3 g4 44. Rh1 Ng2+ 45. Ke2 h4 46. fxg4 fxg4 47. Rh2 h3 48. Kd3 Kd6 49. Ke4 Ne1 50. Rh1 Nf3 51.
Kf4 Nxd4 52. Kxg4 Kd5 53. Rxh3 e5 54. Rh5 Ke4 55. Rh8 a5 56. Re8 Kd5 57. Rb8 b5 58.
Ra8 Nc6 59. Re8 Kc4 60. Rc8 Kd5 61. Kf3 b4 62. axb4 axb4 63. Ke3 Kc5 64. Ke4 Kd6 65.
Rxc6+ Kxc6 66. Kxe5 Kc5 67. b3 1-0

[Event "Late-Titled-Tuesday-Blitz-June-25-2024"]
[Site "Chess.com"]
[Date "2024.06.25"]
[Round "2"]
[White "Hongjin"]
[Black "IngOscarArdila"]
[Result "0-1"]
[WhiteElo "2590"]
[BlackElo "2386"]
[TimeControl "180+1"]
[EndTime "14:17:59 PDT"]
[Termination "IngOscarArdila won by resignation"]

1. e4 e5 2. Nf3 Nf6 3. Nc3 Nc6 4. Bb5 Bb4 5. Bxc6 bxc6 6. d3 d6 7. O-O O-O 8. h3 h6 9. Qe2 Qe7 10. Nd1 Be6 11. Ne3 Rfd8 12. Nh2 d5 13. Neg4 Nxg4 14. Nxg4 Bxg4 15. Qxg4 Kh8 16. Qh5 Qf6 17. f4 exf4 18.
Bxf4 Qg6 19. Qxg6 fxg6 20. Bxc7 Rd7 21. Bf4 dxe4 22. dxe4 Re8 23. e5 Bc5+ 24. Kh1 Rb7 25. b3 Bd4 26. Rae1 Rbe7 27. Rf3 Bxe5 28. Bxe5 Rxe5 29.
Rxe5 Rxe5 30. Rc3 c5 31. Kg1 Kg8 32. Kf2 Kf7 33. Rc4 Kf6 34. Ra4 Re7 35. Ra5 Rc7 36.
Ke3 Ke5 37. c4 g5 38. b4 Kd6 39. bxc5+ Rxc5 40. Rxa7 Rxc4 41. Rxg7 Ke5 42. Ra7 Rc3+ 43. Kf2 h5 44. Ra5+ Kf6 45. Kg1 h4 46. Kf2 Rd3 47.
a4 Ra3 48. Ra8 Kf5 49. a5 Kf4 50. a6 Ra2+ 51. Kf1 Kg3 52. a7 Ra1+ 53. Ke2 Kxg2 54. Kd3 Kxh3 55. Rg8 Rxa7 56. Rxg5 Re7 57. Rg8 Kh2 58.
Kd2 h3 59. Rg6 Re4 60. Kd3 Re1 61. Kd2 Rg1 62. Rh6 Kg2 63. Ke2 h2 64. Rg6+ Kh3 65.
Rh6+ Kg3 66. Rg6+ Kf4 67. Rf6+ Ke5 0-1

[Event "Late-Titled-Tuesday-Blitz-June-25-2024"]
[Site "Chess.com"]
[Date "2024.06.25"]
[Round "2"]
[White "Slovineanu"]
[Black "Mops_2004"]
[Result "0-1"]
[WhiteElo "2547"]
[BlackElo "2792"]
[TimeControl "180+1"]
[EndTime "14:18:00 PDT"]
[Termination "Mops_2004 won on time"]

1. d4 Nf6 2. Nf3 e6 3. c4 d5 4.
e3 b6 5. b3 Bb4+ 6. Nbd2 a5 7.
a3 Bd6 8. Bb2 O-O 9. Bd3 Bb7 10.
O-O Ne4 11. Qe2 Nd7 12. Rfc1 f5 13. Ne5 Nxe5 14. dxe5 Be7 15. Nf3 c5 16. Rd1 Qe8 17.
cxd5 Bxd5 18. Bc4 Qc6 19. a4 Rad8 20. Ne1 Ng5 21. f3 h6 22. Rd2 Bxc4 23. bxc4 Rxd2 24. Qxd2 Rd8 25. Qc2 Qd7 26. Bc3 Nf7 27. Rb1 Qc7 28. Rd1 Rxd1 29. Qxd1 Nxe5 30. Qb3 Bf6 31. Bxe5 Qxe5 32.
f4 Qe4 33. Kf2 Qb7 34. Nd3 Qc6 35. h3 Bh4+ 36. Kf1 Bf6 37. Kf2 Kf7 38. Ne1 Bh4+ 39. g3 Bf6 40. Nf3 Qd6 41. Qb5 Ke7 42. Ne5 Bxe5 43.
fxe5 Qc7 44. Kf3 g5 45. g4 fxg4+ 46. hxg4 Kf7 47. Kf2 Qd8 48. Kf3 Qd1+ 49. Kf2 Qxg4 50. Qd7+ Kg6 51. Qe8+ Kf5 52. Qf7+ Kxe5 53. Qc7+ Ke4 0-1

[Event "Late-Titled-Tuesday-Blitz-June-25-2024"]
[Site "Chess.com"]
[Date "2024.06.25"]
[Round "2"]
[White "IMRosen"]
[Black "CM_rui"]
[Result "0-1"]
[WhiteElo "2725"]
[BlackElo "2551"]
[TimeControl "180+1"]
[EndTime "14:18:00 PDT"]
[Termination "CM_rui won on time"]

1. e4 e5 2. Nf3 Nc6 3. Bc4 Bc5 4. d3 Nf6 5. a4 O-O 6. O-O d6 7. c3 a6 8. Be3 Bxe3 9. fxe3 d5 10. exd5 Nxd5 11.
Qe1 Be6 12. Nbd2 Kh8 13. Qg3 Nxe3 14. Rfe1 Nc2 15. Bxe6 Nxe1 16. Rxe1 fxe6 17. Ng5 Qf6 18. Nde4 Qg6 19. Qh3 Rf5 20. Nf3 Rd8 21. Nh4 Qh6 22.
Nxf5 Qxh3 23. gxh3 exf5 24. Nc5 Kg8 25. Re3 Kf7 26. Nxb7 Rb8 27. Nc5 Rxb2 28. Nxa6 Rc2 29. Nxc7 Rxc3 30. Nb5 Rc2 31. h4 Ra2 32. Nd6+ Kf6 33.
Ne8+ Kf7 34. Nd6+ Ke6 35. Nb7 Kd5 36. Rg3 g6 37. h5 Nd4 38. Kf1 f4 39. Rg5 Ra1+ 40.
Kf2 Ra2+ 41. Kf1 Nf3 42. Rg2 Nxh2+ 43. Kg1 Nf3+ 44. Kf1 Ra1+ 45. Kf2 Nh4 46. Rg5 Ra2+ 47. Kf1 Ra1+ 48. Kf2 Rxa4 49. hxg6 hxg6 50. Nd8 Ra2+ 51.
Kf1 Nf3 52. Rg2 Rxg2 53. Kxg2 Ne1+ 54. Kh3 Nxd3 55. Kg4 e4 56. Nf7 f3 57. Kg3 f2 58.
Kg2 e3 59. Ng5 e2 0-1

[Event "Late-Titled-Tuesday-Blitz-June-25-2024"]
[Site "Chess.com"]
[Date "2024.06.25"]
[Round "2"]
[White "SaqoChess_Twitch"]
[Black "alexrustemov"]
[Result "1-0"]
[WhiteElo "2605"]
[BlackElo "2833"]
[TimeControl "180+1"]
[EndTime "14:18:01 PDT"]
[Termination "SaqoChess_Twitch won by checkmate"]

1. d4 d5 2. c4 c6 3. Nc3 dxc4 4. a4 e5 5. e3 exd4 6. exd4 Be6 7. Nf3 Bb4 8. Ne5 Qa5 9. Bd2 Nf6 10. Bxc4 Bxc4 11.
Nxc4 Qc7 12. O-O O-O 13. Re1 Bxc3 14. bxc3 Nbd7 15. h3 Rfe8 16. Qf3 Nd5 17. Ne3 Nxe3 18. fxe3 Nb6 19. e4 Nc4 20. Bf4 Qd7 21. Rf1 a5 22. Rab1 b5 23. Qd3 Rad8 24. Rf3 f6 25. Rg3 Re7 26. Kh2 Rde8 27. Re1 Nb6 28. axb5 cxb5 29.
e5 fxe5 30. Rxe5 Rxe5 31. Bxe5 Re7 32. Qf3 h6 33. Qf6 Nc4 34. Qxh6 Nxe5 35. dxe5 Rxe5 36. Qa6 a4 37. c4 b4 38. Qb6 b3 39. c5 Re6 40. Qb8+ Kh7 41. Rg4 Rc6 42. Rh4+ Kg6 43.
Rg4+ Kf7 44. Qf4+ Rf6 45. Qc4+ Kf8 46. Qxa4 Qxa4 47. Rxa4 Rc6 48. Rb4 Rxc5 49. Rxb3 Kg8 50. h4 Kh7 51. Kg3 g6 52. Re3 Kh6 53. Rf3 Rc4 54.
Kh3 Rc5 55. g3 Rc4 56. Rf2 Rc5 57. Rd2 g5 58. Rd6+ Kg7 59. h5 Kh7 60. Kg4 Ra5 61. Rg6 Ra4+ 62. Kxg5 Ra5+ 63. Kh4 Ra1 64. g4 Rh1+ 65.
Kg5 Ra1 66. Rf6 Ra5+ 67. Rf5 Ra7 68. h6 Ra6 69. Rf7+ Kg8 70. Rg7+ Kh8 71. Rb7 Ra5+ 72. Kg6 Ra6+ 73. Kh5 Ra1 74. g5 Ra8 75. g6 Ra5+ 76.
Kg4 Ra4+ 77. Kf5 Ra5+ 78. Kf6 Ra6+ 79. Kf7 Ra8 80. Re7 Rf8+ 81. Ke6 Ra8 82. Rd7 Rg8 83. Rh7# 1-0

[Event "Late-Titled-Tuesday-Blitz-June-25-2024"]
[Site "Chess.com"]
[Date "2024.06.25"]
[Round "2"]
[White "Frankie_Badacsonyi"]
[Black "lluiss"]
[Result "1-0"]
[WhiteElo "2491"]
[BlackElo "2238"]
[TimeControl "180+1"]
[EndTime "14:18:01 PDT"]
[Termination "Frankie_Badacsonyi won by resignation"]

1. Nf3 Nf6 2. b3 g6 3. Bb2 Bg7 4. d4 O-O 5. c4 d6 6. g3 Nc6 7. Bg2 e5 8. O-O e4 9. Ne1 e3 10. f3 Re8 11. Nc2 Bf5 12. Qc1 Nd7 13. Rd1 Bh6 14. f4 Qe7 15. Nc3 Nf6 16. d5 Bxc2 17. Qxc2 Nb4 18. Qc1 a5 19. Nb5 Bg7 20.
Nd4 Rac8 21. h3 c5 22. dxc6 Nxc6 23. Nb5 Rcd8 24. Rb1 Nh5 25. Bxg7 Kxg7 26. Kh2 Nf6 27. Qc3 Kg8 28. Rd3 Ne4 29. Bxe4 Qxe4 30. Rbd1 Nb4 31. Nxd6 Rxd6 32. Rxd6 Nxa2 33. Qd4 Qc2 34. Qd3 Qb2 35. Rd8 Rxd8 36. Qxd8+ Kg7 37. Qd4+ Qxd4 38. Rxd4 Nc1 39. Re4 Nxb3 40. Rxe3 a4 41. Rc3 b6 42. Rc2 Kf6 43. Kg2 Ke6 44. e4 Kd6 45. Ra2 Kc5 46. Rxa4 Nd2 47. e5 Nxc4 48. Ra7 b5 49. Rxf7 b4 50. Rb7 Nb6 51. e6 b3 52. e7 b2 53. e8=Q b1=Q 54.
Qe5+ Kc4 55. Qe6+ Kc5 56. Qxb6+ Qxb6 57. Rxb6 Kxb6 58. Kf3 Kc6 59. Kg4 Kd6 60. Kg5 Ke6 61.
Kh6 1-0

[Event "Late-Titled-Tuesday-Blitz-June-25-2024"]
[Site "Chess.com"]
[Date "2024.06.25"]
[Round "2"]
[White "ManMish2"]
[Black "vi_pranav"]
[Result "0-1"]
[WhiteElo "2625"]
[BlackElo "3044"]
[TimeControl "180+1"]
[EndTime "14:18:02 PDT"]
[Termination "vi_pranav won by checkmate"]

1. e4 e5 2. Nf3 Nc6 3. Bb5 f5 4. d4 fxe4 5. Bxc6 bxc6 6. Nxe5 Nf6 7. O-O Be7 8. Bg5 O-O 9. c4 Qe8 10. Nc3 d6 11. Bxf6 Bxf6 12. Ng4 Bxg4 13. Qxg4 Bxd4 14. Nxe4 Bxb2 15. Rae1 Qg6 16. Qd7 Bd4 17. Qxc6 Bb6 18. c5 dxc5 19. Qxg6 hxg6 20. Rc1 Rf5 21. Rc4 Rd8 22.
Rfc1 Rd4 23. g3 Kf7 24. Kg2 Rxc4 25. Rxc4 Ke6 26. f3 Kd5 27. Rc1 Kc6 28. Nd2 Re5 29. Kf1 Re3 30. Kf2 Ra3 31. Rc2 Ra4 32. Nc4 Kb5 33. Ne5 c4+ 34. Ke2 Bd4 35. Nxg6 Ra3 36. Nf4 Re3+ 37. Kd2 Rxf3 38. Ne6 c3+ 39. Kd1 Rd3+ 40.
Ke1 Bb6 41. Nf4 Re3+ 42. Kd1 Kc4 43. Ne2 Rd3+ 44. Ke1 Be3 45. g4 Bd2+ 46. Kf2 Rh3 47. Kg2 Re3 48. Kf2 Kd3 49. Rxc3+ Bxc3 50. Nxc3 Rh3 51. Nd5 Rxh2+ 52. Kg3 Rd2 53. Nxc7 Rxa2 54. Ne6 a5 55. Nxg7 a4 56. g5 a3 57. Nf5 Ra1 58. Kg2 a2 59. g6 Rb1 60. g7 a1=Q 61. g8=Q Rg1+ 62. Kf3 Rxg8 63. Ne7 Qf1# 0-1

[Event "Late-Titled-Tuesday-Blitz-June-25-2024"]
[Site "Chess.com"]
[Date "2024.06.25"]
[Round "2"]
[White "Azeryahu"]
[Black "Moon_stone123"]
[Result "1-0"]
[WhiteElo "2868"]
[BlackElo "2597"]
[TimeControl "180+1"]
[EndTime "14:18:02 PDT"]
[Termination "Azeryahu won by checkmate"]

1. e4 c6 2. d4 d5 3. exd5 cxd5 4.
Bd3 Nc6 5. c3 Nf6 6. h3 e5 7.
dxe5 Nxe5 8. Nf3 Bd6 9. Nxe5 Bxe5 10. O-O O-O 11. Nd2 Bc7 12. Nf3 Qd6 13. Re1 Bd7 14. Be3 Rfe8 15. Bd4 Ne4 16. c4 Ng5 17. Ne5 dxc4 18.
Bxc4 Ne6 19. Bc3 Qxd1 20. Raxd1 Bxe5 21. Rxe5 Bc6 22. Rde1 Nc7 23. f3 Rxe5 24. Bxe5 Re8 25. Kf2 Nd5 26. f4 Nf6 27. g4 Bd5 28.
Bd3 Nd7 29. Bd4 Rxe1 30. Kxe1 Bxa2 31. Bxa7 Kf8 32. Bd4 f6 33. Kf2 Bd5 34. Bxh7 Kf7 35. Bf5 Nb8 36. Bc8 Bc6 37. Bf5 Nd7 38. Ke3 g6 39. Bd3 Nf8 40. Bc4+ Ke7 41. Bc5+ Ke8 42. Bxf8 Kxf8 43. g5 fxg5 44. fxg5 Bd7 45. h4 Ke7 46. Kf4 Kd6 47. Bf7 Bf5 48. h5 Ke7 49. Bxg6 Be6 50.
Ke5 Bb3 51. h6 Kf8 52. Bf5 Kg8 53. g6 Kh8 54. Be6 Bxe6 55. Kxe6 Kg8 56. g7 Kh7 57.
Kf7 Kxh6 58. g8=Q Kh5 59. Qg6+ Kh4 60. Kf6 Kh3 61. Kf5 Kh2 62. Kf4 Kh1 63. Kf3 Kh2 64.
Qg2# 1-0

[Event "Late-Titled-Tuesday-Blitz-June-25-2024"]
[Site "Chess.com"]
[Date "2024.06.25"]
[Round "2"]
[White "AlphaPerseii"]
[Black "ArmanGhevondyanchess"]
[Result "1-0"]
[WhiteElo "2392"]
[BlackElo "2598"]
[TimeControl "180+1"]
[EndTime "14:18:02 PDT"]
[Termination "AlphaPerseii won by resignation"]

1. d4 Nf6 2. c4 g6 3. Nf3 d5 4. cxd5 Nxd5 5. e4 Nb6 6. Nc3 Bg7 7. Be3 O-O 8. h3 Nc6 9. Be2 Na5 10. O-O Nac4 11.
Qb3 Nxe3 12. fxe3 Bh6 13. Kf2 c6 14. Rad1 Qc7 15. Qc2 Be6 16. Ne1 f5 17. e5 f4 18. e4 Nc4 19. Qb3 b5 20. Bg4 Bxg4 21. hxg4 Kh8 22. Rh1 Bg7 23. Nc2 a5 24. Ne2 Ne3 25.
Nxe3 fxe3+ 26. Kxe3 a4 27. Qe6 Bf6 28. exf6 exf6 29. g5 Rae8 30. Qh3 fxg5 31. Rdf1 Rg8 32. Rf2 c5 33. d5 Rg7 34. Rhf1 Qd8 35. Rf6 Qxd5 36. Rf8+ Rg8 37. Rxg8+ Kxg8 38. Qg4 Qxa2 39. Kf2 Qxb2 40. Rd1 Qg7 41. Rd7 Qf6+ 42. Kg1 a3 43.
Ra7 b4 44. Qd7 Qa1+ 45. Kh2 Qe5+ 46. Ng3 Re7 47. Qxe7 Qxe7 48. Rxe7 Kf8 49. Ra7 c4 50. Ne2 h5 51. Ra4 h4 52. Rxb4 a2 53. Ra4 c3 54.
Nxc3 g4 55. Rxa2 g3+ 56. Kh3 Kg7 57. Kg4 Kh6 58. e5 h3 59. Kxh3 Kh5 60. Kxg3 g5 61. Ne4 Kg6 62. Rf2 g4 63. e6 Kh5 64.
e7 Kg6 65. Kxg4 1-0

[Event "Late-Titled-Tuesday-Blitz-June-25-2024"]
[Site "Chess.com"]
[Date "2024.06.25"]
[Round "2"]
[White "HansOnTwitch"]
[Black "secretworker2027"]
[Result "1-0"]
[WhiteElo "3117"]
[BlackElo "2640"]
[TimeControl "180+1"]
[EndTime "14:18:03 PDT"]
[Termination "HansOnTwitch won by resignation"]

1. e4 c5 2. Nf3 Nc6 3. Bb5 d6 4. O-O Bd7 5. c3 Nf6 6. Re1 a6 7. Bf1 Bg4 8. h3 Bh5 9. d3 e6 10. Bf4 Be7 11. Nbd2 O-O 12. a4 d5 13. Qb3 Na5 14. Qc2 Rc8 15. g4 Bg6 16. Ne5 Nc6 17. Nxg6 hxg6 18. Bg3 Re8 19. Nf3 d4 20. c4 Nd7 21. e5 Nb4 22. Qe2 Nb8 23. h4 N8c6 24.
h5 gxh5 25. gxh5 Bg5 26. Bh3 Bh6 27. Kh1 Ne7 28. Rg1 Nf5 29. Bh2 Kh8 30. Rg4 Qd7 31. a5 Qc6 32. Rag1 Rg8 33. Bg2 Qc7 34. Ng5 Rcf8 35.
Be4 Nc6 36. Qf3 Nxe5 37. Qe2 Qd6 38. Nf3 f6 39. Rg6 Qe7 40. Bxf5 exf5 41. Bxe5 fxe5 42. Qxe5 Qxe5 43. Nxe5 Re8 44. Nf7+ Kh7 45. Nd6 Re2 46. Kg2 f4 47. Rb1 f3+ 48. Kxf3 Rd2 49. Ne4 Rf8+ 50.
Kg2 Rxd3 51. Nxc5 Rd2 52. Ne4 Re2 53. Re6 d3 54. Rd1 Rfxf2+ 55. Nxf2 Rxe6 56. Nxd3 Rd6 57. Kf3 Rc6 58. b3 Rf6+ 59. Ke4 Re6+ 60. Ne5 g5 61. hxg6+ Kg8 62. Kf5 Re8 63. Rd7 1-0

[Event "Late-Titled-Tuesday-Blitz-June-25-2024"]
[Site "Chess.com"]
[Date "2024.06.25"]
[Round "2"]
[White "Onthequiet"]
[Black "Dexter_Dyke"]
[Result "0-1"]
[WhiteElo "2313"]
[BlackElo "2525"]
[TimeControl "180+1"]
[EndTime "14:18:05 PDT"]
[Termination "Dexter_Dyke won by checkmate"]

1. d4 Nf6 2. Nf3 d6 3. Bg5 Bg4 4. Bxf6 gxf6 5. Nbd2 Nc6 6. c3 e5 7. e3 Bg7 8. Be2 O-O 9. h3 Be6 10. O-O d5 11. Nh2 e4 12. f4 exf3 13. Bxf3 Ne7 14. e4 c6 15. Ng4 f5 16. exf5 Nxf5 17. Re1 Qg5 18. Nf1 Nh4 19. Kh1 Rae8 20. Nfh2 Bf5 21.
Qc1 Qxc1 22. Raxc1 Nxf3 23. Nxf3 h5 24. Ne3 Be4 25. Rcd1 Bh6 26. Nf1 Bc2 27. Ra1 Bf4 28. g3 Bh6 29. Kg2 Be4 30. Kf2 f6 31. Ne3 Kf7 32.
Ng2 Rg8 33. Nf4 Bxf4 34. gxf4 Bf5 35. Rxe8 Rxe8 36. Rh1 Re4 37. Kg3 Re2 38. Rh2 Re3 39. Kf2 Rd3 40. Ke2 Be4 41. Nd2 Rg3 42. Nxe4 dxe4 43.
f5 h4 44. Rf2 Rxh3 45. Rf4 Rh2+ 46. Ke3 h3 47. Rxe4 Rxb2 48. Rh4 h2 49. a4 Ra2 50. Kd3 Ke7 51. Kc4 Kd6 52. Kb3 Rf2 53.
a5 Kd5 54. c4+ Kd6 55. Kb4 b6 56. a6 c5+ 57. dxc5+ bxc5+ 58. Kb5 Rb2+ 59. Ka5 Kc6 60.
Rh6 Ra2# 0-1

[Event "Late-Titled-Tuesday-Blitz-June-25-2024"]
[Site "Chess.com"]
[Date "2024.06.25"]
[Round "2"]
[White "JackRodgers"]
[Black "TigrVShlyape"]
[Result "0-1"]
[WhiteElo "2523"]
[BlackElo "3000"]
[TimeControl "180+1"]
[EndTime "14:18:08 PDT"]
[Termination "TigrVShlyape won by resignation"]

1. d4 d5 2. Bg5 h6 3. Bh4 c6 4. e3 Qb6 5. Qc1 Bf5 6. Nd2 e6 7. c4 Be7 8. c5 Qd8 9. Bxe7 Qxe7 10. Ngf3 Nd7 11. b4 a6 12. Be2 Ngf6 13. O-O O-O 14. h3 e5 15. dxe5 Nxe5 16. Nxe5 Qxe5 17. Nf3 Qe7 18. Nd4 Be4 19. a4 Rac8 20. Bf3 Bxf3 21. Nxf3 a5 22. Rb1 Ne4 23. Nd2 axb4 24. Nxe4 Qxe4 25.
Qd2 Ra8 26. Qxb4 Qxb4 27. Rxb4 Rfe8 28. Rxb7 Rxa4 29. Rc7 Re6 30. Rc1 Rf6 31. Rc2 g5 32.
g3 Kg7 33. Kg2 h5 34. Rb7 Re6 35. Rb6 Kg6 36. Rb8 g4 37. h4 Rc4 38. Rxc4 dxc4 39. Rb4 Re4 40. f3 gxf3+ 41. Kxf3 Kf5 42. Ke2 c3 43. Rb6 Rc4 44. Kd1 Rxc5 45. Rb7 f6 46.
Rh7 Ke4 47. Re7+ Kd3 48. Kc1 Rf5 49. Rd7+ Kxe3 50. Kc2 Rf3 51. Rd3+ Ke4 52. Rd6 f5 53. Rxc6 Rxg3 54. Rh6 f4 55. Rxh5 Kd4 56. Rh8 Rg2+ 57. Kd1 f3 58. Rf8 f2 59. Ke2 c2 60. Rd8+ Ke5 61. Re8+ Kd6 62. Rc8 Rg1 63. Rd8+ Ke7 0-1

[Event "Late-Titled-Tuesday-Blitz-June-25-2024"]
[Site "Chess.com"]
[Date "2024.06.25"]
[Round "2"]
[White "norwaytoadog"]
[Black "Orest_Vovk"]
[Result "1-0"]
[WhiteElo "2367"]
[BlackElo "2556"]
[TimeControl "180+1"]
[EndTime "14:18:08 PDT"]
[Termination "norwaytoadog won on time"]

1. e4 g5 2. d4 g4 3. Nc3 Bg7 4. h3 c5 5. d5 g3 6. fxg3 Bxc3+ 7. bxc3 d6 8. Bf4 Qa5 9. Qd2 Nf6 10. Bd3 c4 11. Bxc4 Nxe4 12. Qd4 Qxc3+ 13. Qxc3 Nxc3 14.
Nf3 Bf5 15. Kd2 Ne4+ 16. Ke3 Nc5 17. g4 Bxc2 18. Rac1 Bg6 19. Bb5+ Nbd7 20. Nd4 a6 21. Be2 Nf6 22. Bf3 Kd7 23. g5 Nfe4 24. h4 f5 25. h5 Bf7 26. Nxf5 Bxd5 27. Rhd1 Bc6 28. Bxe4 Nxe4 29.
Rxc6 bxc6 30. Kxe4 Rab8 31. g6 hxg6 32. hxg6 Rb4+ 33.
Kf3 Rf8 34. g7 Rg8 35. Be5 Rb5 36. Nh6 Rxe5 37. Nxg8 Rg5 38. Nh6 Rxg7 39. g4 Rf7+ 40. Ke4 Rf2 41. g5 Rg2 42. Kf4 c5 43. Nf5 c4 44. Ng3 Ke8 45. Rh1 Rf2+ 46. Ke4 Rxa2 47. Rh7 Kf8 48. g6 Rg2 49. Kf3 Rg1 50. Kf2 Rxg3 51.
Kxg3 c3 52. Rh2 d5 53. Kf3 e5 54. Rg2 Kg7 55. Ke3 a5 56. Kd3 d4 57. Rg5 1-0

[Event "Late-Titled-Tuesday-Blitz-June-25-2024"]
[Site "Chess.com"]
[Date "2024.06.25"]
[Round "2"]
[White "Ykow"]
[Black "NailBashirli"]
[Result "1-0"]
[WhiteElo "2561"]
[BlackElo "2766"]
[TimeControl "180+1"]
[EndTime "14:18:11 PDT"]
[Termination "Ykow won by checkmate"]

1. e4 c5 2. Nf3 d6 3. Nc3 a6 4. g3 b5 5. Bg2 Bb7 6. O-O e6 7. d4 cxd4 8. Nxd4 Ne7 9. Re1 Nbc6 10. Nb3 Ne5 11. a4 b4 12. Na2 N7c6 13. Qe2 Be7 14.
f4 Nd7 15. Be3 O-O 16. Rad1 Qc7 17. c3 bxc3 18. Nxc3 Rfd8 19. h4 Na5 20. Nxa5 Qxa5 21. e5 Bxg2 22. exd6 Bxd6 23. Rxd6 Bb7 24. Red1 Qc7 25.
Qd2 Bd5 26. Nxd5 Qxd6 27. Nf6+ Nxf6 28. Qxd6 Rxd6 29. Rxd6 h5 30. b4 Nd5 31. Bc5 Rb8 32. Rxa6 Nxb4 33. Rd6 Nd5 34. a5 Rb5 35. a6 Rxc5 36. a7 Nc7 37. Rd8+ Kh7 38. Rc8 Ra5 39. Rxc7 Kg6 40. Kf2 Ra3 41. Ke2 f6 42. Kd2 e5 43.
fxe5 fxe5 44. Kc2 e4 45. Kb2 Ra5 46. Kc3 e3 47. Kd3 Ra3+ 48. Ke2 Kf6 49. Kf3 g6 50. Ke2 Kf5 51. Rc5+ Ke4 52. Rc4+ Ke5 53. Rc7 Kd4 54. Kf3 Ra2 55. Rd7+ Ke5 56. Kxe3 Kf5 57. Kd4 Kg4 58. Kc5 Kxg3 59. Kb5 Rxa7 60. Rxa7 Kxh4 61. Kc4 Kg3 62. Rg7 h4 63. Rxg6+ Kf2 64. Rh6 Kg3 65. Kd3 h3 66.
Ke2 Kg2 67. Rg6+ Kh1 68. Kf3 h2 69. Rb6 Kg1 70. Rb1# 1-0

[Event "Late-Titled-Tuesday-Blitz-June-25-2024"]
[Site "Chess.com"]
[Date "2024.06.25"]
[Round "2"]
[White "Mackster23"]
[Black "Gyulamiryan-koryun"]
[Result "1-0"]
[WhiteElo "2655"]
[BlackElo "1814"]
[TimeControl "180+1"]
[EndTime "14:18:11 PDT"]
[Termination "Mackster23 won on time"]

1. e4 e5 2. Nf3 Nc6 3. Nc3 Nf6 4. g3 Bc5 5. Bg2 O-O 6. Nxe5 Bxf2+ 7. Kxf2 Nxe5 8. d4 Nc6 9. e5 Ne8 10. Bf4 d6 11.
exd6 Nxd6 12. d5 Ne7 13. Re1 Ng6 14. Qd2 Qf6 15. Kg1 Nxf4 16. Qxf4 Qxf4 17. gxf4 Bf5 18.
Re7 Rac8 19. Ne4 Nxe4 20. Bxe4 Bxe4 21. Rxe4 Rfe8 22. Rae1 Kf8 23. Kf2 Rcd8 24. c4 Rxe4 25. Rxe4 Re8 26. Ke3 Rxe4+ 27. Kxe4 Ke7 28. c5 g6 29. b4 f6 30. b5 Kd7 31. a4 h5 32.
h4 b6 33. Kd4 bxc5+ 34. Kxc5 g5 35. fxg5 fxg5 36. hxg5 h4 37. g6 h3 38. g7 h2 39.
g8=Q h1=Q 40. Qe6+ Kd8 41. Kc6 Qc1+ 42. Kb7 Qc5 43. Qc8+ Ke7 44. Qxc7+ Qxc7+ 45. Kxc7 Kf6 46. d6 Ke5 47. a5 Kd5 48. b6 Kc5 49. bxa7 Kb5 50.
a8=N Ka4 51. Nb6+ Ka3 52. Nc8 Ka4 53. a6 Kb5 54. a7 Kc5 55. d7 Kc4 56. d8=B Kc5 57.
Be7+ Kc4 58. Kc6 Kd4 59. Nb6 Ke5 60. Bd6+ 1-0

[Event "Late-Titled-Tuesday-Blitz-June-25-2024"]
[Site "Chess.com"]
[Date "2024.06.25"]
[Round "2"]
[White "DmitriiZakurdaev"]
[Black "manitodeplomo"]
[Result "1-0"]
[WhiteElo "2393"]
[BlackElo "2599"]
[TimeControl "180+1"]
[EndTime "14:18:11 PDT"]
[Termination "DmitriiZakurdaev won by resignation"]

1. d4 d5 2. c4 c6 3. Nc3 dxc4 4. a4 e5 5. Nf3 exd4 6. Qxd4 Qxd4 7. Nxd4 Bc5 8. e3 Bxd4 9. exd4 Be6 10. Ne4 Na6 11. Nd6+ Kd7 12. Nxb7 Ne7 13. Be2 Nb4 14. Nc5+ Kc8 15.
O-O Nc2 16. Ra2 Nxd4 17. Re1 Nxe2+ 18. Rxe2 Rd8 19. Re1 Nf5 20. Bg5 Rd5 21. Nxe6 fxe6 22. Ra3 Rb8 23. Bc1 Rb3 24. Ra1 Nd4 25. Rb1 Rd3 26.
Be3 Kd7 27. Rbc1 Rb3 28. Rxc4 c5 29. Bc1 Rb4 30. Rxb4 cxb4 31. Kf1 Nb3 32. Be3 a5 33. Ke2 Nd4+ 34. Bxd4 Rxd4 35. Rd1 Rxd1 36. Kxd1 Kd6 37. Kd2 Kd5 38. Kd3 h5 39. f4 e5 40. fxe5 Kxe5 41.
Kc4 Ke4 42. Kb5 h4 43. Kxa5 Ke3 44. Kxb4 Kf2 45. g3 h3 46. a5 Kg2 47. a6 Kxh2 48.
a7 Kg1 49. a8=Q h2 50. Qa7+ Kg2 51. Qb7+ Kg1 52. Qb6+ Kg2 53. Qc6+ Kg1 54. Qc5+ Kg2 55. Qd5+ Kg1 56. Qd4+ Kg2 57. Qe4+ Kg1 58. Qd4+ Kg2 59. Qxg7 h1=Q 60. Qb7+ Kg1 61. Qxh1+ Kxh1 62. g4 1-0

[Event "Late-Titled-Tuesday-Blitz-June-25-2024"]
[Site "Chess.com"]
[Date "2024.06.25"]
[Round "2"]
[White "WindWhistler11"]
[Black "FLYD"]
[Result "0-1"]
[WhiteElo "2448"]
[BlackElo "2139"]
[TimeControl "180+1"]
[EndTime "14:18:11 PDT"]
[Termination "FLYD won by resignation"]

1. Nf3 Nf6 2. g3 d5 3. c4 e6 4. Bg2 Be7 5. b3 O-O 6. Bb2 c5 7. O-O d4 8. e3 Nc6 9. exd4 cxd4 10. Re1 Qc7 11. Nxd4 Rd8 12. Nb5 Qb6 13. N1c3 a6 14.
Na4 Qa5 15. Nbc3 Bd7 16. a3 b5 17. b4 Qc7 18. cxb5 axb5 19. Nxb5 Qb8 20. Nbc3 Be8 21.
Rb1 Qd6 22. Nc5 Qxd2 23. Qxd2 Rxd2 24. Nb3 Rdd8 25. b5 Rab8 26. a4 Nb4 27. Ba3 Bf8 28.
Red1 Nbd5 29. Nxd5 Nxd5 30. Bxf8 Kxf8 31. Bxd5 exd5 32.
Rd4 Ke7 33. Rbd1 Ra8 34. Nc5 Rac8 35. Rxd5 Rxd5 36. Rxd5 f6 37. f4 Bf7 38. Rd7+ Ke8 39. Rxf7 Kxf7 40. Nb7 Rc1+ 41. Kg2 Ke7 42. a5 Kd7 43. a6 Kc7 44. Na5 Kb6 45. Nc6 Kxb5 46. Nd4+ Kxa6 47. Ne6 Rc2+ 48. Kh3 g6 49. Nf8 Rc7 50. Ne6 Re7 51. Nd4 Kb6 52. Kg4 Kc5 53. Nb3+ Kd5 54. h4 h5+ 55. Kf3 Rc7 56. Nd2 Rc3+ 57. Ke2 Rxg3 0-1

[Event "Late-Titled-Tuesday-Blitz-June-25-2024"]
[Site "Chess.com"]
[Date "2024.06.25"]
[Round "2"]
[White "Thjop"]
[Black "evgchess5"]
[Result "0-1"]
[WhiteElo "2601"]
[BlackElo "2906"]
[TimeControl "180+1"]
[EndTime "14:18:12 PDT"]
[Termination "evgchess5 won by checkmate"]

1. e4 c5 2. Nf3 e6 3. g3 Nc6 4.
Bg2 Nf6 5. d3 Be7 6. O-O O-O 7.
Re1 d6 8. c3 e5 9. d4 exd4 10. cxd4 Bg4 11. d5 Ne5 12. Bf4 Nfd7 13. Nbd2 Bf6 14. Qc2 Rc8 15. h3 Bh5 16. Nxe5 Nxe5 17.
Be3 c4 18. g4 Bg6 19. f4 Nd3 20. f5 Bxb2 21. Rab1 Nxe1 22. Rxe1 Be5 23. Nf3 Bg3 24. Rb1 b6 25. Bf1 Qe7 26. Kg2 Be5 27. Bxc4 Rc7 28. Qe2 Rfc8 29. Bd3 Rc3 30. Rb3 Rxb3 31. axb3 Rc3 32.
Bc4 b5 33. Bxb5 Rxb3 34. fxg6 hxg6 35. Bc4 Rb2 36. Nd2 Bc3 37. Qd3 Bxd2 38. Bxd2 Rxd2+ 39. Qxd2 Qxe4+ 40. Kg3 Qxc4 41. Qa5 Kh7 42. Qd8 Qc3+ 43. Kg2 Qf6 44. Qc7 a6 45. Qc6 a5 46. Qa6 Qb2+ 47.
Kg3 Qa3+ 48. Kh4 Qc5 49. Qc6 Qb4 50. Kg3 a4 51. Qe8 f6 52. h4 a3 53. h5 Qc3+ 54. Kh4 Qc2 55. hxg6+ Qxg6 56. Qa4 Qg5+ 57. Kg3 Qe5+ 58.
Kh4 Qh2# 0-1